Map: Interloper LE

Players

Nerchio - Winner!

  • Race: Zerg Zerg
  • Spawn Location: 5:00

TRUE

  • Race: Zerg Zerg
  • Spawn Location: 11:00

Event: WCS Montreal 2017

VOD

Have the link to the VOD?

Description

Time

  • Played on: Sept. 9, 2017, 5:25 p.m.
  • Length: 8:18

All games in this series

Show
View Real Time Build Order
Export as new Build Order

Nerchio Zerg - Winner!

Build Orders: Pool First 

Get SALT Encoding   

  12  0:00  Drone  
  13  0:12  Overlord  
  13  0:17  Drone  
  14  0:31  Drone x2  
  14  0:34  Drone  
  17  0:44  Spawning Pool  
  17  0:48  Drone  
  17  1:09  Hatchery  
  16  1:12  Drone  
  16  1:16  Drone  
  18  1:19  Extractor  
  17  1:31  Queen  
  17  1:32  Zergling x2  
  20  1:38  Overlord  
  20  1:41  Zergling x2  
  21  1:49  Zergling x2  
  22  2:01  Zergling x2  
  23  2:07  Queen  
  25  2:15  Baneling Nest, Zergling x2  
  25  2:21  Zergling x2  
  25  2:22  Spine Crawler  
  25  2:29  Drone  
  26  2:36  Evolution Chamber  
  22  2:45  Zergling x2  
  22  2:46  Zergling x4  
  22  2:47  Zergling x2  
  24  2:58  Baneling x2  
  24  3:01  Drone x2  
  24  3:05  Baneling  
  26  3:07  Drone  
  27  3:14  Drone x2  
  27  3:19  Drone x2  
  30  3:22  Baneling  
  30  3:42  Hatchery  
  30  3:45  Drone  
  30  3:50  Overlord  
  30  3:56  Overlord  
  30  4:09  Drone x3  
  31  4:10  Drone  
  31  4:15  Metabolic Boost  
  31  4:20  Drone  
  32  4:29  Drone  
  33  4:34  Queen  
  35  4:40  Drone  
  36  4:53  Drone  
  36  4:54  Drone  
  38  5:01  Zergling x6  
  38  5:05  Zergling x2  
  42  5:08  Zerg Ground Armor Level 1  
  42  5:15  Hatchery  
  42  5:17  Zergling x2  
  42  5:22  Drone x2  
  42  5:23  Drone  
  42  5:24  Drone  
  46  5:29  Drone x3  
  49  5:38  Overlord  
  48  5:43  Roach Warren  
  48  5:44  Extractor, Zergling x4  
  48  5:46  Zergling x2  
  49  5:53  Zergling x2  
  49  5:54  Zergling x4  
  52  6:03  Overlord  
  51  6:15  Overlord  
  48  6:24  Roach  
  48  6:25  Roach x6  
  62  6:32  Roach, Lair  
  64  6:34  Roach  
  64  6:36  Overlord  
  64  6:39  Roach  
  68  6:43  Roach  
  70  6:49  Roach  
  70  6:52  Overlord  
  70  6:53  Roach  
  74  6:58  Zergling x8  
  78  7:02  Roach x2  
  78  7:05  Zergling x6  
  78  7:06  Zergling x4  
  87  7:11  Roach  
  87  7:12  Roach  
  87  7:15  Roach  
  85  7:19  Roach  
  80  7:24  Roach  
  78  7:30  Roach  
  78  7:34  Zergling x12  
  82  7:39  Roach  
  82  7:40  Zergling x2  
  84  7:45  Zergling x4  
  84  7:47  Zergling x2  
  84  7:49  Baneling x3  
  87  7:56  Zergling x4  
  87  7:57  Zergling x2  
Show
View Real Time Build Order
Export as new Build Order

TRUE Zerg 

Build Orders: 1 Base Baneling Bust, Pool First, Zergling Baneling 

Get SALT Encoding   

  12  0:00  Drone  
  13  0:12  Extractor  
  12  0:24  Spawning Pool  
  11  0:29  Drone  
  11  0:34  Drone  
  13  0:38  Drone  
  14  0:51  Overlord  
  14  1:11  Zergling x4  
  16  1:12  Zergling x2  
  16  1:16  Metabolic Boost  
  17  1:23  Zergling x2  
  18  1:33  Baneling Nest, Zergling x2  
  18  1:45  Zergling x2  
  19  1:55  Zergling x2  
  20  2:06  Zergling x2  
  21  2:16  Baneling  
  21  2:17  Zergling x2, Baneling  
  22  2:26  Baneling x2  
  22  2:32  Hatchery  
  21  2:38  Zergling x2  
  21  2:46  Zergling x2  
  21  2:51  Overlord  
  21  3:04  Drone  
  22  3:10  Drone  
  22  3:26  Drone  
  23  3:31  Baneling x2  
  23  3:33  Drone  
  23  3:38  Queen  
  25  3:48  Drone x2  
  26  3:50  Queen  
  26  3:54  Drone  
  29  3:56  Drone  
  30  4:09  Drone x2  
  31  4:16  Drone  
  31  4:17  Drone  
  33  4:26  Drone  
  34  4:35  Drone  
  34  4:36  Drone  
  36  4:41  Hatchery, Baneling x2  
  36  4:43  Overlord  
  35  4:46  Drone  
  36  5:01  Drone x2  
  36  5:02  Drone x5  
  36  5:05  Drone  
  43  5:11  Roach Warren  
  42  5:16  Extractor  
  42  5:19  Drone x2  
  43  5:31  Drone  
  44  5:37  Overlord  
  44  5:38  Queen  
  44  5:39  Zergling x2  
  44  5:40  Overlord  
  44  5:48  Overlord  
  44  5:52  Queen  
  44  5:53  Zergling x4  
  44  5:54  Zergling x4  
  44  5:56  Roach  
  52  6:00  Baneling x2  
  52  6:01  Roach x2  
  56  6:04  Roach  
  56  6:06  Roach  
  56  6:07  Roach  
  56  6:10  Roach  
  64  6:13  Roach  
  64  6:15  Roach  
  66  6:22  Roach x2, Baneling x2  
  70  6:29  Overlord x2  
  70  6:35  Baneling x4  
  70  6:36  Overlord  
  70  6:40  Overlord  
  70  6:49  Zergling x8  
  70  6:50  Zergling x4  
  70  6:53  Zergling x2  
  77  6:56  Zergling x4  
  77  6:57  Zergling x2  
  77  6:59  Zergling x2  
  77  7:00  Zergling x2  
  82  7:03  Zergling x2  
  82  7:04  Zergling x2  
  82  7:06  Zergling x2  
  82  7:08  Zergling x2  
  86  7:13  Zergling x2  
  79  7:18  Drone x5  
  76  7:26  Drone x2  
  76  7:35  Roach x2  
  71  7:40  Roach  
  71  7:41  Roach  
  69  7:45  Extractor  
  68  7:51  Evolution Chamber  
  68  7:52  Roach x2  
  71  7:59  Hatchery  
Tags
 
Add a new tag
Caveats
  • Supply blocks, unpowered buildings, or Contaminate may cause inaccurate times.
  • Supply counts are checked every 10 seconds.